 Dungeon Crawl Stone Soup version 0.20-a0-823-gdec668e (webtiles) character file.

7416 GameOver the Grappler (level 11, -6/84 HPs)
             Began as a Ghoul Monk on Mar 5, 2017.
             Was an Elder of Wu Jian.
             Mangled by a two-headed ogre
             ... wielding a +0 giant spiked club
              (35 damage)
             ... on level 9 of the Dungeon.
             The game lasted 00:56:00 (8094 turns).

GameOver the Grappler (Ghoul Monk)                  Turns: 8094, Time: 00:56:01

Health: -6/84      AC:  7    Str: 16    XL:     11   Next: 14%
Magic:  10/10      EV: 18    Int:  5    God:    Wu Jian [****..]
Gold:   307        SH:  0    Dex: 18    Spells: 10/10 levels left

rFire    + . .     SeeInvis .     - Unarmed
rCold    + . .     Gourm    .   D - +1 leather armour {MR+}
rNeg     + + +     Faith    .   (no shield)
rPois    ∞         Spirit   .   (no helmet)
rElec    .         Reflect  .   q - +0 cloak
rCorr    .         Harm     .   (no gloves)
MR       +....                  t - +0 pair of boots
Stlth    ++++......             (no amulet)
Regen    0.0/turn               d - +4 ring of dexterity
MPRegen  0.2/turn               G - ring of protection from fire

@: rotting
A: rotting body, claws 1, carnivore 3, cold resistance 1, negative energy
resistance 3, inhibited regeneration, torment resistance, unbreathing
a: Serpent's Lash, Renounce Religion


You were on level 9 of the Dungeon.
You worshipped Wu Jian.
Wu Jian was greatly pleased with you.
You were not hungry.

You visited 2 branches of the dungeon, and saw 10 of its levels.

You collected 425 gold pieces.
You spent 118 gold pieces at shops.

Inventory:

Missiles
 c - 250 stones (quivered)
 h - 159 arrows
 x - 3 steel tomahawks
 C - 8 javelins
 H - a throwing net
Armour
 q - a +0 cloak (worn)
 t - a +0 pair of boots (worn)
 D - a +1 leather armour of magic resistance (worn)
 F - a +0 ring mail
Jewellery
 d - a +4 ring of dexterity (right claw)
 f - a +2 ring of dexterity
 g - an uncursed ring of ice
 G - a ring of protection from fire (left claw)
Wands
 s - a wand of flame (24/48)
 u - a wand of paralysis (9/24)
 v - a wand of disintegration (12/24)
Scrolls
 a - a scroll of enchant armour {unknown}
 l - 7 scrolls of remove curse {unknown}
 m - a scroll of blinking {unknown}
 n - 3 scrolls of magic mapping {unknown}
 o - 3 scrolls of amnesia {unknown}
 w - a scroll of acquirement {unknown}
 y - a scroll of immolation {unknown}
 A - 2 scrolls of fog {unknown}
 E - a scroll of recharging {unknown}
 L - a scroll of identify
 M - a scroll of fear {unknown}
Potions
 e - a potion of flight
 i - 3 potions of curing
 k - a potion of haste
 p - 2 potions of heal wounds
 r - a potion of lignification
 z - a potion of might
 B - a potion of resistance
 K - a potion of agility
Comestibles
 b - 5 meat rations
 j - 2 royal jellies


   Skills:
 - Level 4.1 Fighting
 + Level 7.1 Armour
 + Level 8.6 Dodging
 + Level 9.6 Stealth
 + Level 10.2 Unarmed Combat


You had 10 spell levels left.
You didn't know any spells.

Dungeon Overview and Level Annotations

Branches:
Dungeon (9/15)             Temple (1/1) D:4
   Lair: D:8-11         Orc: D:9-12

Altars:
Ashenzari
Cheibriados
Dithmenos
Elyvilon
Fedhas
Gozag
Hepliaklqana
Kikubaaqudgha
Makhleb
Nemelex Xobeh
Okawaru
Qazlal
Ru
Sif Muna
Trog
Uskayaw
Vehumet
Wu Jian
Xom
Yredelemnul
Zin
The Shining One

Shops:
D:4 *


Innate Abilities, Weirdness & Mutations

Your body is rotting away.
You thrive on raw meat.
You are immune to poison.
You have sharp fingernails.
You are carnivorous and can eat meat at any time.
Your flesh is cold resistant. (rC+)
You are immune to negative energy. (rN+++)
You do not regenerate when monsters are visible.
You are immune to unholy pain and torment.
You can survive without breathing.


Message History

The Council accepts your kill.
Your Armour skill increases to level 7!
Okay, then.
Eat a chunk of flesh? (ye/n/q)
You eat the chunk of flesh.
This raw flesh tastes great!
Throwing (i - inventory. (,) - cycle):
c - 251 stones (quivered)
Press: ? - help, Shift-Dir - straight line, f - two-headed ogre
Aim: a two-headed ogre, wielding a giant spiked club and a giant club You throw a stone.
The stone hits the two-headed ogre but does no damage.
You lunge at the two-headed ogre.
You mangle the two-headed ogre!!
The two-headed ogre is moderately wounded.
The two-headed ogre misses you. The two-headed ogre barely misses you.
Items here: )) [[ † a dagger; a robe; a mace; a ring mail; an orc corpse Unknown command.
You claw the two-headed ogre!
The two-headed ogre is severely wounded.
The two-headed ogre hits you with a giant spiked club!!
You die...

#####............#
#...(..##
###.#..#####.##.....#.#
#....#####......O...###
##.....##..#...#.......
##..#.##....#.........
#...)##)..(..........
#.##.(#o.###.!.......
#.##......# ##..[...
#.##@.....##.##......
#.##O).##.(..##......
####<##.(.##....#.......
#.......................
#......(................
#.............#.......#.
#....((.......#####...#.
#...........### ...
..........(.# ##..


You could see a two-headed ogre and an orc.

Vanquished Creatures
  Erolcha (D:9)
  2 two-headed ogres
  The ghost of tsouns the Cleaver, a novice DsCK of Xom (D:6)
  A troll (D:9)
  A wyvern (D:8)
  The ghost of nikopol the Skirmisher, an amateur MiBe of Trog (D:3)
  Eustachio (D:5)
  Menkaure (D:4)
  A water moccasin (D:9)
  6 orc warriors
  A sky beast (D:6)
  Purgy (D:4)
  A necrophage (D:6)
  A black bear (D:6)
  5 ogres
  2 phantoms
  A centaur (D:7)
  4 bullfrogs
  2 scorpions
  10 wights
  2 howler monkeys
  2 crimson imps
  A quasit (D:8)
  8 hounds
  13 orc priests
  2 jellies (D:8)
  12 orc wizards
  A centaur skeleton (D:8)
  Crazy Yiuf (D:5)
  3 iguanas
  Terence (D:2)
  Natasha (thrice) (D:3)
  3 worker ants
  A hound zombie (D:5)
  A worker ant zombie (D:6)
  A gnoll (D:1)
  10 adders
  A shadow imp (D:7)
  3 worms
  An adder skeleton (D:4)
  An adder zombie (D:8)
  A dart slug (D:4)
  4 leopard geckos
  56 orcs
  3 ball pythons
  9 bats
  6 giant cockroaches
  12 hobgoblins
  15 jackals
  14 kobolds
  4 quokkas
  3 frilled lizards
  7 goblins
  A leopard gecko zombie (D:5)
  A quokka zombie (D:7)
  9 rats
260 creatures vanquished.

Notes
Turn   | Place    | Note
-------+----------+-------------------------------------------
     0 | D:1      | GameOver the Ghoul Monk began the quest for the Orb.
     0 | D:1      | Reached XP level 1. HP: 19/19 MP: 0/0
    58 | D:1      | Reached XP level 2. HP: 20/27 MP: 1/1
   444 | D:1      | Reached XP level 3. HP: 32/33 MP: 2/2
   828 | D:1      | Reached skill level 4 in Unarmed Combat
  1210 | D:2      | Found an iron altar of Okawaru.
  1264 | D:2      | Reached XP level 4. HP: 22/40 MP: 3/3
  1582 | D:2      | Reached XP level 5. HP: 41/46 MP: 4/4
  1645 | D:2      | Found a blossoming altar of Fedhas.
  1646 | D:2      | Found an ancient bone altar of Kikubaaqudgha.
  1919 | D:2      | Noticed Terence
  1939 | D:2      | Killed Terence
  2031 | D:3      | Noticed nikopol's ghost (amateur MiBe)
  2177 | D:2      | Reached skill level 5 in Unarmed Combat
  2267 | D:3      | Noticed Natasha
  2277 | D:3      | Killed Natasha
  2327 | D:3      | Reached XP level 6. HP: 23/52 MP: 5/5
  2411 | D:3      | Noticed Natasha
  2453 | D:3      | Killed Natasha
  2565 | D:3      | Noticed Natasha
  2575 | D:3      | Killed Natasha
  2644 | D:3      | Noticed a phantom
  2668 | D:3      | Killed a phantom
  2710 | D:3      | Reached skill level 1 in Armour
  2924 | D:4      | Found a staircase to the Ecumenical Temple.
  2928 | Temple   | Entered the Ecumenical Temple
  3014 | D:4      | Reached XP level 7. HP: 47/59 MP: 6/6
  3103 | D:4      | Reached skill level 6 in Unarmed Combat
  3342 | D:4      | Noticed Purgy
  3358 | D:4      | Killed Purgy
  3358 | D:4      | Reached skill level 5 in Dodging
  3406 | D:4      | Reached XP level 8. HP: 57/66 MP: 7/7
  3493 | D:4      | Noticed Menkaure
  3512 | D:4      | Killed Menkaure
  3512 | D:4      | Reached skill level 5 in Stealth
  3550 | D:4      | Found Ratoh's Assorted Antiques.
  3553 | D:4      | Bought a scroll labeled AZXUKO ZECUZO for 20 gold pieces
  3553 | D:4      | Bought a coppery potion for 18 gold pieces
  3553 | D:4      | Bought a tapered silver wand for 80 gold pieces
  3636 | D:4      | Found an ornate altar of the Wu Jian Council.
  3653 | D:4      | Became a worshipper of the Wu Jian Council
  3653 | D:4      | Reached * piety under Wu Jian
  3653 | D:4      | Reached ** piety under Wu Jian
  3872 | D:3      | Killed nikopol's ghost
  3916 | D:5      | Entered Level 5 of the Dungeon
  4027 | D:5      | Paralysed by an orc for 6 turns
  4042 | D:5      | Reached skill level 7 in Unarmed Combat
  4205 | D:5      | Noticed Eustachio
  4297 | D:5      | Killed Eustachio
  4704 | D:5      | Found a runed door.
  4708 | D:5      | Noticed Crazy Yiuf
  4715 | D:5      | Killed Crazy Yiuf
  4791 | D:6      | Reached XP level 9. HP: 45/71 MP: 8/8
  4793 | D:6      | Noticed tsouns's ghost (novice DsCK)
  5146 | D:6      | Reached skill level 8 in Unarmed Combat
  5241 | D:6      | Found a glowing golden altar of the Shining One.
  5340 | D:6      | Killed tsouns's ghost
  5340 | D:6      | Reached skill level 5 in Armour
  5525 | D:6      | Found a bloodstained altar of Trog.
  5525 | D:6      | Found a hazy altar of Hepliaklqana.
  5751 | D:7      | Reached *** piety under Wu Jian
  6074 | D:7      | Reached XP level 10. HP: 75/76 MP: 9/9
  6969 | D:7      | Reached skill level 9 in Unarmed Combat
  7228 | D:8      | You fall through a shaft!
  7232 | D:9      | Noticed Erolcha
  7238 | D:9      | Found a white marble altar of Elyvilon.
  7320 | D:9      | Noticed a two-headed ogre
  7329 | D:9      | Killed Erolcha
  7504 | D:8      | Reached **** piety under Wu Jian
  7718 | D:8      | Noticed a two-headed ogre
  7759 | D:8      | Killed a two-headed ogre
  7759 | D:8      | Reached XP level 11. HP: 32/84 MP: 10/10
  7798 | D:8      | Reached skill level 10 in Unarmed Combat
  7887 | D:8      | Found a burning altar of Makhleb.
  7984 | D:9      | Noticed a two-headed ogre
  8041 | D:9      | Noticed a two-headed ogre
  8089 | D:9      | Killed a two-headed ogre
  8094 | D:9      | Mangled by a two-headed ogre

Vault maps used:
D:1:      lemuel_arrival_hallway
D:2:      grunt_temple_overflow_growth_and_decay, overflow_temple_1_default,
          first_bread, kennysheep_generic_room_2, uniq_terence
D:3:      uniq_natasha
D:4:      lemuel_round_altar, temple_green, serial_shops,
          nicolae_shop_behind_doors, uniq_purgy, uniq_menkaure
D:5:      uniq_eustachio, uniq_crazy_yiuf_cottage
D:6:      kennysheep_mini_moat, gammafunk_temple_overflow_elements,
          kennysheep_generic_room_3
D:7:      grunt_ogre_cave
D:8:      lightli_temple_of_fire, grunt_tough_drop
D:9:      lemuel_crystal_altar, basic_altar, uniq_erolcha
Temple:   cyrus_circular_temple

Skill      XL: |  1  2  3  4  5  6  7  8  9 10 11 |
---------------+----------------------------------+-----
Fighting       | 4 |  4.1
Dodging        | 3 4 5 6 7 8 |  8.6
Unarmed Combat | 4 5 6 7 8 9 10 | 10.2
Stealth        | 3 4 6 7 9 |  9.6
Armour         | 1 2 3 5 6 7 |  7.1

Action                   |  1- 3 |  4- 6 |  7- 9 | 10-12 || total
-------------------------+-------+-------+-------+-------++-------
Melee: Unarmed           |   126 |   234 |   436 |   273 ||  1069
       Punch             |       |     5 |    18 |    12 ||    35
Throw: Stone             |     7 |    44 |    73 |    46 ||   170
       Tomahawk          |       |       |    40 |       ||    40
  Use: Potion            |       |     2 |     3 |     3 ||     8
       Scroll            |       |     3 |     1 |     4 ||     8
 Stab: Sleeping          |     1 |     3 |     4 |     7 ||    15
       Distracted        |       |       |     1 |     1 ||     2
       Invisible         |       |       |       |     2 ||     2
  Eat: Chunk             |    10 |    46 |    52 |    54 ||   162
       Royal jelly       |       |       |     1 |       ||     1
Armor: Robe              |    19 |    24 |       |       ||    43
       Leather armour    |       |     6 |    70 |    25 ||   101
Dodge: Dodged            |    76 |   137 |   220 |   169 ||   602
